 Dungeon Crawl Stone Soup version 0.21.1-1-g345015f (webtiles) character file.

5039 HAha the Cleaver (level 10, -4/136 HPs)
             Began as a Minotaur Berserker on Apr 25, 2018.
             Was an Elder of Trog.
             Slain by Prince Ribbit (10 damage)
             ... on level 8 of the Dungeon on Apr 26, 2018.
             The game lasted 00:55:32 (4924 turns).

HAha the Cleaver (Minotaur Berserker)               Turns: 4924, Time: 00:55:33

Health: -4/136     AC: 14    Str: 30    XL:     10   Next: 30%
Magic:  9/9        EV:  9    Int:  4    God:    Trog [****..]
Gold:   356        SH:  0    Dex: 10    Spells: 9/9 levels left

rFire    x . .     SeeInvis .   v - +0 battleaxe
rCold    + . .     Gourm    .   (shield currently unavailable)
rNeg     . . .     Faith    .   w - +0 plate armour
rPois    .         Spirit   .   (helmet restricted)
rElec    .         Reflect  .   (no cloak)
rCorr    .         Harm     +   (no gloves)
MR       .....                  (no boots)
Stlth    ..........             o - amulet of harm
HPRegen  0.32/turn              u - ring of ice
MPRegen  0.11/turn              (no ring)

@: berserking, very quick
A: retaliatory headbutt, horns 2
a: Berserk, Trog's Hand, Brothers in Arms, Burn Spellbooks, Renounce Religion


You were on level 8 of the Dungeon.
You worshipped Trog.
Trog was greatly pleased with you.
You were not hungry.

You visited 1 branch of the dungeon, and saw 8 of its levels.

You collected 356 gold pieces.

Inventory:

Hand Weapons
 e - a +1 hand axe of flaming
 v - a +0 battleaxe (weapon)
Armour
 w - a +0 plate armour (worn)
 y - a +0 troll leather armour
Jewellery
 o - an amulet of harm (around neck)
 u - a ring of ice (left hand)
Wands
 b - a wand of flame (27)
 n - a wand of paralysis (15)
Scrolls
 a - a scroll of immolation {unknown}
 g - 2 scrolls of teleportation
 h - 4 scrolls of remove curse
 j - 3 scrolls of magic mapping
 l - a scroll of enchant armour
 m - a scroll of random uselessness
 p - a scroll of blinking {unknown}
 q - a scroll of identify {unknown}
 t - a scroll of enchant weapon {unknown}
 x - 2 scrolls of summoning {unknown}
 z - a scroll of fear {unknown}
Potions
 d - 4 potions of heal wounds {unknown}
 f - 2 potions of agility
 i - a potion of ambrosia {unknown}
 k - 2 potions of haste {unknown}
 r - 2 potions of resistance {unknown}
 s - a potion of flight {unknown}
Comestibles
 c - 7 rations


   Skills:
 * Level 9.6 Fighting
 + Level 12.4 Axes
 * Level 10.5 Armour
 - Level 2.1 Dodging
 + Level 0.5 Stealth


You had 9 spell levels left.
You didn't know any spells.

Dungeon Overview and Level Annotations

Branches:
Dungeon (9/15)
 Temple: D:4-7         Lair: D:8-11         Orc: D:9-12

Altars:
Nemelex Xobeh
Okawaru
Ru
Xom
Zin

Annotations:
D:8 Prince Ribbit


Innate Abilities, Weirdness & Mutations

You reflexively headbutt those who attack you in melee.
You have a pair of horns on your head.


Message History

Prince Ribbit is heavily wounded.
Prince Ribbit hits you! Prince Ribbit barely misses you.
You hit Prince Ribbit but do no damage. Your headbutt misses Prince Ribbit.
Prince Ribbit is heavily wounded.
Prince Ribbit hits you but does no damage.
You miss Prince Ribbit. Your headbutt misses Prince Ribbit.
Prince Ribbit is heavily wounded.
Prince Ribbit hits you!
* * * LOW HITPOINT WARNING * * *
Prince Ribbit closely misses you.
You closely miss Prince Ribbit.
Prince Ribbit is heavily wounded.
Prince Ribbit hits you.
* * * LOW HITPOINT WARNING * * *
Prince Ribbit hits you!
* * * LOW HITPOINT WARNING * * *
A red film seems to cover your vision as you go berserk!
You feel yourself moving faster!
You feel mighty!
You feel a lot more hungry. Prince Ribbit hits you!
You die...

#...........#
#...........#
#...........#
##..........#
....####'#####
...... #.########
..#.##.#.........
..........######
...##.##@#
........F....#
..##.##....#.# ..
.. #...... # ##
#........
#.####### #.# #.#


You could see Prince Ribbit.

Vanquished Creatures
  A two-headed ogre (D:9)
  An ugly thing (D:9)
  The ghost of azzavlup the Charlatan, a novice DsAK of Lugonu (D:5)
  The ghost of mrfool the Ruffian, an amateur TrBe of Trog (D:4)
  2 trolls (D:9)
  2 dream sheep (D:9)
  Sigmund (D:2)
  2 yaks (D:9)
  A hungry ghost (D:9)
  Menkaure (D:6)
  Duvessa (D:5)
  A sky beast (D:9)
  An ice beast (D:5)
  An orc warrior (D:6)
  2 ogres
  3 phantoms
  2 big kobolds (D:9)
  3 bullfrogs (D:9)
  Dowan (D:5)
  A water moccasin skeleton (D:9)
  5 howler monkeys (D:9)
  A bullfrog zombie (D:6)
  A crimson imp (D:6)
  An orc priest (D:9)
  A hound (D:4)
  A jelly (D:5)
  A bullfrog skeleton (D:6)
  2 iguanas
  Ijyb (D:5)
  3 orc wizards
  A worker ant (D:4)
  A hound zombie (D:3)
  A worker ant zombie (D:9)
  4 adders
  An adder zombie (D:5)
  An adder skeleton (D:6)
  2 worms
  2 dart slugs
  11 leopard geckos
  22 orcs
  4 giant cockroaches
  5 hobgoblins
  21 jackals
  3 quokkas
  4 bats
  9 frilled lizards
  5 goblins
  A jackal skeleton (D:6)
  3 kobolds (D:1)
  A leopard gecko skeleton (D:4)
  A quokka skeleton (D:4)
  7 rats
  A bush (D:9)
  3 plants (D:9)
160 creatures vanquished.

Vanquished Creatures (others)
  A frilled lizard (D:5)
1 creature vanquished.

Grand Total: 161 creatures vanquished

Notes
Turn   | Place    | Note
-------+----------+-------------------------------------------
     0 | D:1      | HAha the Minotaur Berserker began the quest for the Orb.
     0 | D:1      | Reached XP level 1. HP: 19/19 MP: 0/0
    90 | D:1      | Reached skill level 4 in Axes
   167 | D:1      | Reached XP level 2. HP: 13/27 MP: 1/1
   791 | D:1      | Noticed a troll
   890 | D:2      | Reached XP level 3. HP: 33/33 MP: 2/2
   980 | D:2      | Reached ** piety under Trog
  1185 | D:2      | Noticed Sigmund
  1189 | D:2      | Killed Sigmund
  1189 | D:2      | Reached skill level 6 in Axes
  1189 | D:2      | Reached XP level 4. HP: 41/41 MP: 3/3
  1189 | D:2      | Reached XP level 5. HP: 47/47 MP: 4/4
  1719 | D:3      | Found a glowing drain.
  2433 | D:4      | Noticed mrfool's ghost (amateur TrBe)
  2444 | D:4      | Killed mrfool's ghost
  2444 | D:4      | Reached skill level 5 in Fighting
  2444 | D:4      | Reached skill level 7 in Axes
  2444 | D:4      | Reached XP level 6. HP: 56/56 MP: 5/5
  2455 | D:4      | Reached skill level 5 in Armour
  2462 | D:4      | Found an iron altar of Okawaru.
  2506 | D:4      | Reached XP level 7. HP: 55/61 MP: 6/6
  2905 | D:4      | Reached skill level 8 in Axes
  2950 | D:4      | Reached *** piety under Trog
  3185 | D:5      | Entered Level 5 of the Dungeon
  3349 | D:5      | Noticed Duvessa
  3349 | D:5      | Noticed Dowan
  3361 | D:5      | Killed Duvessa
  3376 | D:5      | Killed Dowan
  3417 | D:5      | Reached skill level 9 in Axes
  3463 | D:5      | Noticed Ijyb
  3464 | D:5      | Noticed azzavlup's ghost (novice DsAK)
  3470 | D:5      | Killed Ijyb
  3479 | D:5      | Killed azzavlup's ghost
  3479 | D:5      | Reached XP level 8. HP: 61/70 MP: 7/7
  3648 | D:5      | Found a shimmering altar of Xom.
  3750 | D:6      | Noticed Menkaure
  3762 | D:6      | Killed Menkaure
  3762 | D:6      | Reached skill level 10 in Axes
  3854 | D:6      | Reached **** piety under Trog
  4013 | D:6      | You fall through a shaft for 3 floors!
  4066 | D:9      | Noticed a lindwurm
  4067 | D:9      | Noticed a lindwurm
  4073 | D:9      | Noticed a dream sheep
  4075 | D:9      | Noticed a lindwurm
  4076 | D:9      | HP: 3/73 [lindwurm/blast of flame (58)]
  4107 | D:9      | Reached XP level 9. HP: 20/79 MP: 8/8
  4122 | D:9      | Found a glowing silver altar of Zin.
  4122 | D:9      | Found a sparkling altar of Nemelex Xobeh.
  4252 | D:9      | Reached skill level 11 in Axes
  4328 | D:9      | Noticed a purple ugly thing
  4351 | D:9      | Killed a purple ugly thing
  4404 | D:9      | Found a sacrificial altar of Ru.
  4465 | D:9      | Noticed a troll
  4471 | D:9      | Received a gift from Trog
  4475 | D:9      | Killed a troll
  4744 | D:9      | Noticed a troll
  4752 | D:9      | Killed a troll
  4752 | D:9      | Reached skill level 12 in Axes
  4752 | D:9      | Reached skill level 10 in Armour
  4752 | D:9      | Reached XP level 10. HP: 57/91 MP: 9/9
  4753 | D:9      | Paralysed by fainting for 10 turns
  4780 | D:9      | Noticed a two-headed ogre
  4798 | D:9      | Killed a two-headed ogre
  4916 | D:8      | Noticed Prince Ribbit
  4923 | D:8      | HP: 4/91 [Prince Ribbit (13)]
  4924 | D:8      | Slain by Prince Ribbit

Skill      XL: |  1  2  3  4  5  6  7  8  9 |
---------------+----------------------------+-----
Axes           | 4 6 7 9 10 12 | 12.4
Fighting       | 4 5 6 7 9 |  9.6
Armour         | 3 4 5 6 8 10 | 10.5
Dodging        | |  2.1
Stealth        | |  0.5

Action                   |  1- 3 |  4- 6 |  7- 9 | 10-12 || total
-------------------------+-------+-------+-------+-------++-------
Melee: Hand axe          |    57 |    57 |   184 |       ||   298
       Headbutt          |    13 |    15 |    56 |     7 ||    91
       Battleaxe         |       |       |   107 |    24 ||   131
Invok: Berserk           |     1 |     1 |     8 |     2 ||    12
  Use: Scroll            |     1 |     2 |     2 |       ||     5
       Potion            |       |       |     3 |       ||     3
  Eat: Ration            |       |     2 |     3 |     2 ||     7
       Chunk             |       |       |     3 |       ||     3
Armor: Animal skin       |     5 |       |       |       ||     5
       Ring mail         |     6 |    22 |       |       ||    28
       Chain mail        |       |     2 |    84 |       ||    86
       Plate armour      |       |       |    62 |    18 ||    80
Dodge: Dodged            |    24 |    24 |   106 |     9 ||   163
